 Dungeon Crawl Stone Soup version 0.30-a0-715-gdb4ae3ece1 (webtiles) character file.

Game seed: 2619628978842784666

84 purpskrrrp the Trooper (level 4, -1/36 HPs)
             Began as a Demonspawn Fighter on Jan 23, 2023.
             Killed by divine providence
             ... invoked by an orc priest
              (12 damage)
             ... on level 3 of the Dungeon.
             The game lasted 00:03:01 (1706 turns).

purpskrrrp the Trooper (Demonspawn Fighter)         Turns: 1706, Time: 00:03:01

Health: -1/36      AC: 11    Str: 19    XL:     4   Next: 23%
Magic:  4/4        EV:  9    Int:  9    God:
Gold:   154        SH:  4    Dex: 10    Spells: 3/3 levels left

rFire   . . .      SeeInvis .    a - +0 war axe (elec)
rCold   . . .      Faith    .    c - +0 buckler
rNeg    . . .      Spirit   .    b - +0 scale mail
rPois   .          Reflect  .    (no helmet)
rElec   .          Harm     .    (no cloak)
rCorr   .          Rampage  .    (no gloves)
Will    .....                    h - +0 pair of boots Stlth
                                 (no amulet)
HPRegen 0.26/turn                (no ring)
MPRegen 0.09/turn                (no ring)

@: mighty
A: yellow scales 2, clumsy 1, deterioration 2
a: no special abilities


You were on level 3 of the Dungeon.
You visited 1 branch of the dungeon, and saw 3 of its levels.

You collected 154 gold pieces.

Inventory:

Hand Weapons
 a - a +0 war axe of electrocution (weapon)
Armour
 b - a +0 scale mail (worn)
 c - a +0 buckler (worn)
 h - a +0 pair of boots (worn)
Potions
 j - a potion of berserk rage {unknown}


   Skills:
 + Level 3.6 Fighting
 + Level 2.5 Axes
 + Level 3.2 Armour
 + Level 3.2 Shields


You had 3 spell levels left.
You didn't know any spells.
Your spell library contained the following spells:

 Spells                   Type           Power      Damage    Failure   Level
 Beastly Appendage        Tmut           0%         N/A       85%         1
 Blink                    Tloc           0%         N/A       94%         2
 Lesser Beckoning         Tloc           0%         N/A       94%         2
 Momentum Strike          Conj/Tloc      0%         3d8       94%         2
 Wereblood                Tmut           0%         N/A       94%         2
 Spider Form              Tmut/Pois      0%         N/A       99%         3


Dungeon Overview and Level Annotations

Branches:
Dungeon (3/15)

Altars:

Shops:
D:1 (

Portals:
Sewer: D:3


Innate Abilities, Weirdness & Mutations

You are mostly covered in yellow scales. (AC +3)
You are clumsy. (Dex -2)
Your body often deteriorates upon taking damage.


Message History

You are too injured to fight recklessly!
You are too injured to fight recklessly!
You are too injured to fight recklessly!
You are too injured to fight recklessly!
You are too injured to fight recklessly!
You are too injured to fight recklessly!
You are too injured to fight recklessly!
You are too injured to fight recklessly!
You are too injured to fight recklessly!
You are too injured to fight recklessly!
You are too injured to fight recklessly!
You are too injured to fight recklessly!
You are too injured to fight recklessly!
You are too injured to fight recklessly!
You are too injured to fight recklessly!
You are too injured to fight recklessly!
You are too injured to fight recklessly!
The orc attacks as you move away!
The orc hits you with a +1 short sword of venom.
You are more poisoned.
You feel very sick.
* * * LOW HITPOINT WARNING * * *
You feel very sick.
You feel very mighty all of a sudden.
* * * LOW HITPOINT WARNING * * *
You feel sick. The orc hits you but does no damage.
You are lethally poisoned!
It was a potion of curing.
You feel better. The orc barely misses you.
You slash the orc! Lightning courses through the orc!
You kill the orc!
You barely miss the orc. The orc completely misses you.
The orc priest mumbles some strange prayers to Beogh against you.
Beogh smites you!
* * * LOW HITPOINT WARNING * * *
The orc closely misses you.
You slash the orc!
You kill the orc!
You feel better.
The orc priest calls down the wrath of Beogh upon you.
Beogh smites you!
You die...

#.....####........#
#........####.###########
########.# #.# ∩~~~.##
#.####.# ~~~~..# #...##(#
~~~...# #######.##.#
~~~...# ...........#
~......
#######.########†..####
#......@Koo......
###.######....=..
#..............
#.......o...###
#.#.####...## #.#.# ...#
#.#.# .#.# #.# # .#.# #.#


You could see an orc priest, an orc and a kobold.

Vanquished Creatures
  2 adders (D:2)
  A river rat (D:3)
  2 orcs (D:3)
  5 endoplasms
  3 giant cockroaches
  7 goblins
  4 hobgoblins
  8 kobolds
  A quokka (D:2)
  8 ball pythons
  6 bats
  A frilled lizard (D:2)
  4 rats
52 creatures vanquished.

Notes
Turn   | Place    | Note
-------+----------+-------------------------------------------
     0 | D:1      | purpskrrrp the Demonspawn Fighter began the quest for the
                  | Orb.
     0 | D:1      | Reached XP level 1. HP: 18/18 MP: 1/1
   244 | D:1      | Gained mutation: You are partially covered in yellow
                  | scales. (AC +2) [demonic ancestry]
   244 | D:1      | Reached XP level 2. HP: 23/24 MP: 2/2
   640 | D:1      | Found Omuamo's Antique Weapon Shop.
   783 | D:2      | Gained mutation: You are mostly covered in yellow scales.
                  | (AC +3) [demonic ancestry]
   783 | D:2      | Reached XP level 3. HP: 29/29 MP: 3/3
  1482 | D:2      | Gained mutation: You have hidden genetic defects. [potion
                  | of mutation]
  1482 | D:2      | Gained mutation: You have a pair of small horns on your
                  | head. [potion of mutation]
  1482 | D:2      | Gained mutation: Your mind is acute. (Int +4, Str/Dex -1)
                  | [potion of mutation]
  1483 | D:2      | Lost mutation: You have a pair of small horns on your head.
                  | [potion of mutation]
  1483 | D:2      | Lost mutation: Your mind is acute. (Int +4, Str/Dex -1)
                  | [potion of mutation]
  1483 | D:2      | Gained mutation: Your body sometimes deteriorates upon
                  | taking damage. [potion of mutation]
  1483 | D:2      | Gained mutation: Your natural rate of healing is unusually
                  | fast. [potion of mutation]
  1483 | D:2      | Gained mutation: You occasionally lose the ability to read
                  | scrolls when taking damage. [potion of mutation]
  1579 | D:3      | Reached XP level 4. HP: 35/35 MP: 4/4
  1663 | D:3      | Lost mutation: You have hidden genetic defects. [potion of
                  | mutation]
  1663 | D:3      | Lost mutation: Your natural rate of healing is unusually
                  | fast. [potion of mutation]
  1663 | D:3      | Lost mutation: You occasionally lose the ability to read
                  | scrolls when taking damage. [potion of mutation]
  1663 | D:3      | Gained mutation: Your body often deteriorates upon taking
                  | damage. [potion of mutation]
  1663 | D:3      | Gained mutation: You are clumsy. (Dex -2) [potion of
                  | mutation]
  1688 | D:3      | Found a glowing drain.
  1704 | D:3      | HP: 1/36 [orc priest/divine providence (12)]
  1706 | D:3      | Killed from afar by an orc priest

Illustrated notes

Levels and vault maps discovered:
D:1:      mrwooster_arrival_statue, layout_basic, serial_shops,
          nicolae_shop_hallway_plus
D:2:      layout_loops_cross, serial_park_tiny_1
D:3:      layout_basic, mainiacjoe_overflow_small_starburst,
          portal_sewer_entry_b, minmay_checkerbox

Skill      XL: |  1  2 |
---------------+-------+-----
Axes           | 2 |  2.5
Armour         | 3 |  3.2
Shields        | 3 |  3.2
Fighting       | |  3.6

Action                     |  1- 3 |  4- 6 || total
---------------------------+-------+-------++-------
  Melee: War axe           |   108 |    14 ||   122
    Use: Scroll            |     3 |       ||     3
         Potion            |     2 |     4 ||     6
 Armour: Scale mail        |    64 |     8 ||    72
  Dodge: Dodged            |    45 |    15 ||    60
  Block: Buckler           |    26 |     2 ||    28

Table legend: (Time is in decaauts)
 A = Elapsed time spent in this place.
 B = Non-inter-level travel time spent in this place.
 C = Inter-level travel time spent in this place.
 D = Time resting spent in this place.
 E = Time spent auto-exploring this place.
 F = Levels seen in this place.
 G = Mean time per level.
                   A        B        C        D        E       F      G
               +--------+--------+--------+--------+--------+-----+--------+
         Total |   1758 |   1672 |     86 |      0 |   1312 |   3 |  586.0 |
       Dungeon |   1758 |   1672 |     86 |      0 |   1312 |   3 |  586.0 |
               +--------+--------+--------+--------+--------+-----+--------+

Top non-repeatable levels by time:
     D:2: 796 daAuts
     D:1: 778 daAuts
     D:3: 183 daAuts
